 Dungeon Crawl Stone Soup version 0.24-a0-493-g7e4ddcd485 (webtiles) character file.

Game seed: 12139879776418209793

1654 tilp the Skirmisher (level 9, -4/56 HPs)
             Began as a Tengu Air Elementalist on July 12, 2019.
             Killed from afar by an orc wizard (9 damage)
             ... with a puff of flame
             ... on level 7 of the Dungeon.
             The game lasted 00:21:59 (5973 turns).

tilp the Skirmisher (Tengu Air Elementalist)        Turns: 5973, Time: 00:22:00

Health: -4/56      AC:  3    Str:  8    XL:     9   Next: 0%
Magic:  14/17      EV: 17    Int: 18    God:
Gold:   283        SH:  0    Dex: 16    Spells: 7/17 levels left

rFire    . . .     SeeInvis .   u - +9 staff of Olgreb {rPois}
rCold    . . .     Gourm    .   (no shield)
rNeg     . . .     Faith    .   j - +0 leather armour
rPois    ∞         Spirit   .   (helmet restricted)
rElec    .         Reflect  .   (no cloak)
rCorr    .         Harm     .   (no gloves)
MR       .....                  (boots unavailable)
Stlth    +++.......             C - amulet of regeneration
HPRegen  0.58/turn              (no ring)
MPRegen  0.15/turn              (no ring)

@: flying quickly and evasively, quick
A: beak, talons 3, able to fly
a: Stop Flying


You were on level 7 of the Dungeon.
You were not hungry.

You visited 2 branches of the dungeon, and saw 8 of its levels.

You collected 283 gold pieces.

Inventory:

Hand Weapons
 a - a +2 dagger of speed
 k - the cursed +2 flail "Arcanum" {flame, Dex+3, unknown}
   (You found it on level 5 of the Dungeon)

   It has been specially enchanted to burn those struck by it, causing extra
   injury to most foes and up to half again as much damage against particularly
   susceptible opponents.
   It affects your dexterity (+3).
   It has a curse placed upon it.
 u - the +9 staff of Olgreb (weapon) {rPois}
   (You found it on level 4 of the Dungeon)

   It protects you from poison.
Missiles
 i - 4 curare-tipped darts (quivered)
 q - 19 poisoned darts
 r - 2 boomerangs
 E - a throwing net
Armour
 j - a +0 leather armour (worn)
Jewellery
 t - an uncursed amulet of the gourmand
 C - an amulet of regeneration (around neck)
Wands
 D - a wand of random effects (11)
Scrolls
 b - a scroll of magic mapping {unknown}
 d - a scroll of remove curse
 m - a scroll of fog
 o - a scroll of enchant armour {unknown}
 p - 2 scrolls of fear
 v - a scroll of amnesia {unknown}
 w - a scroll of enchant weapon {unknown}
 y - a scroll of teleportation {unknown}
Potions
 e - 2 potions of heal wounds {unknown}
 f - 3 potions of brilliance
 g - a potion of agility {unknown}
 h - 2 potions of invisibility {unknown}
 l - 3 potions of haste
 n - 2 potions of curing {unknown}
 s - 2 potions of degeneration {unknown}
 x - a potion of flight {unknown}
 z - a potion of berserk rage {unknown}
 B - a potion of cancellation {unknown}
Comestibles
 c - 13 rations
 A - 5 chunks of flesh


   Skills:
 + Level 6.4 Fighting
 - Level 4.1 Staves
 + Level 4.6 Dodging
 - Level 4.1 Stealth
 - Level 4.9 Spellcasting
 - Level 1.3 Conjurations
 - Level 6.1 Air Magic


You had 7 spell levels left.
You knew the following spells:

 Your Spells              Type           Power        Failure   Level  Hunger
a - Shock                 Conj/Air       ###.         4%          1    None
b - Swiftness             Chrm/Air       ###.....     9%          2    #......
c - Static Discharge      Conj/Air       ###.....     13%         3    ###....
d - Airstrike             Air            ####......   16%         4    ####...

Your spell library contained the following spells:

 Spells                   Type           Power        Failure   Level  Hunger
 Magic Dart               Conj           #...         11%         1    None
 Searing Ray              Conj           #.....       17%         2    #......
 Dazzling Spray           Conj/Hex       #.....       41%         3    ###....
 Iskenderun's Mystic Bla  Conj           #.......     73%         4    ####...
 Lightning Bolt           Conj/Air       ###.......   75%         5    ######.
 Force Lance              Conj/Tloc      #.......     83%         4    ####...
 Fulminant Prism          Conj/Hex       #.........   83%         4    ####...


Dungeon Overview and Level Annotations

Branches:
Dungeon (7/15)             Temple (1/1) D:4

Altars:
Ashenzari
Cheibriados
Dithmenos
Elyvilon
Fedhas
Gozag
Hepliaklqana
Makhleb
Nemelex Xobeh
Okawaru
Qazlal
Trog
Uskayaw
Wu Jian
Xom
Yredelemnul
The Shining One

Shops:
D:6 :

Annotations:
D:6 1 runed translucent door, Yorgos's ghost, novice DsFi


Innate Abilities, Weirdness & Mutations

You have a beak for a mouth.
You have claws for feet.
You can fly continuously.


Message History

The centaur is heavily wounded.
You hear a shout!
The centaur hits you.
The orc priest looks encouraged for a moment.
The orc closely misses you. The centaur misses you.
You barely miss the centaur.
The centaur is heavily wounded.
The orc priest begins to cast a cantrip, but forgets the words!
The centaur hits you!
Unknown command.
You sock the centaur!
The centaur looks even sicker.
You claw the centaur, but do no damage.
The centaur is almost dead.
The centaur closely misses you.
The orc priest calls down the wrath of Beogh upon you.
Beogh smites you!
* * * LOW HITPOINT WARNING * * *
The orc wizard gestures at you while chanting.
The puff of flame hits you!
You die...

#..)..#
##...##
##.).##
#.....#
#.....#
######...##
###...(#...##
#..(.†(.....#
#....o@.....#
######[c....#
#.o..$.#
#...o.##
####'## <..
.((# .##


You could see a centaur, an orc priest, an orc wizard and an orc.

Vanquished Creatures
  Grinder (D:5)
  Sigmund (D:2)
  Edmund (D:5)
  An ice beast (D:5)
  An orc warrior (D:6)
  A black bear (D:6)
  An ogre (D:7)
  A big kobold (D:7)
  A bullfrog (D:7)
  A scorpion (D:6)
  A bullfrog zombie (D:5)
  2 hounds
  2 orc priests
  Jessica (D:3)
  An iguana (D:5)
  5 orc wizards
  2 worker ants
  Robin (D:3)
  11 adders
  A shadow imp (D:6)
  2 oozes (D:2)
  An adder zombie (D:5)
  2 worms
  6 leopard geckos
  19 orcs
  A ball python (D:4)
  A giant cockroach (D:4)
  14 goblins
  15 hobgoblins
  5 jackals
  4 quokkas
  4 bats
  4 frilled lizards
  A jackal zombie (D:5)
  14 kobolds
  6 rats
136 creatures vanquished.

Vanquished Creatures (others)
  2 withered plants (D:6)
2 creatures vanquished.

Grand Total: 138 creatures vanquished

Notes
Turn   | Place    | Note
-------+----------+-------------------------------------------
     0 | D:1      | tilp the Tengu Air Elementalist began the quest for the
                  | Orb.
     0 | D:1      | Reached XP level 1. HP: 10/10 MP: 4/4
   257 | D:1      | Reached XP level 2. HP: 14/15 MP: 0/6
   519 | D:1      | Reached skill level 5 in Air Magic
  1183 | D:2      | Reached XP level 3. HP: 9/19 MP: 2/7
  1298 | D:2      | You fall into a shaft and drop 1 floor!
  1502 | D:2      | Found a sparkling altar of Nemelex Xobeh.
  1509 | D:2      | Reached XP level 4. HP: 24/24 MP: 4/8
  1634 | D:2      | Learned a level 2 spell: Swiftness
  1638 | D:2      | Learned a level 3 spell: Static Discharge
  1694 | D:2      | Noticed Sigmund
  1869 | D:2      | Found a shattered altar of Ashenzari.
  1898 | D:2      | Killed Sigmund
  1898 | D:2      | Gained mutation: You can fly continuously. [Tengu growth]
  1898 | D:2      | Reached XP level 5. HP: 32/32 MP: 5/9
  1992 | D:2      | Reached XP level 6. HP: 37/37 MP: 6/10
  2335 | D:3      | Noticed Robin
  2363 | D:3      | Killed Robin
  2622 | D:3      | Noticed Jessica
  2628 | D:3      | Killed Jessica
  2671 | D:3      | Found a bloodstained altar of Trog.
  3042 | D:4      | Found the +9 staff of Olgreb {rPois}
  3214 | D:4      | Reached XP level 7. HP: 38/43 MP: 12/12
  3252 | D:4      | Found a snail-covered altar of Cheibriados.
  3277 | D:4      | Found a staircase to the Ecumenical Temple.
  3286 | Temple   | Entered the Ecumenical Temple
  3501 | D:4      | Found an ornate altar of the Wu Jian Council.
  3503 | D:4      | Found a white marble altar of Elyvilon.
  3510 | D:4      | Found a stormy altar of Qazlal.
  3619 | D:4      | Found a glowing golden altar of the Shining One.
  3893 | D:5      | Entered Level 5 of the Dungeon
  3934 | D:5      | Noticed Grinder
  3948 | D:5      | Killed Grinder
  4188 | D:5      | Noticed Edmund
  4491 | D:5      | Got an encrusted flail
  4509 | D:5      | Reached XP level 8. HP: 48/48 MP: 11/16
  4577 | D:5      | Reached skill level 1 in Staves
  4755 | D:5      | Learned a level 4 spell: Airstrike
  4956 | D:5      | Killed Edmund
  5294 | D:6      | Found a runed translucent door.
  5295 | D:6      | Noticed Yorgos's ghost (novice DsFi)
  5395 | D:6      | Found Meodeby's Book Shoppe.
  5440 | D:6      | Reached skill level 5 in Fighting
  5455 | D:6      | Found a basalt altar of Yredelemnul.
  5964 | D:7      | Reached XP level 9. HP: 31/56 MP: 12/17
  5973 | D:7      | Killed from afar by an orc wizard

Levels and vault maps discovered:
D:1:      onia_arrival_mini_maze, layout_basic
D:2:      layout_rooms, marbit_many_paths, hangedman_decor_opposing,
          minivault_14, nemelex_dance_club_becter, uniq_sigmund
D:3:      layout_loops_ring, lightli_temple_of_fire, uniq_jessica, uniq_robin
D:4:      layout_gridville, nicolae_tso_carved_into_rock, old_standard_altar,
          kennysheep_mini_moat, nicolae_overflow_hidden_temple,
          minmay_temple_entry_junction
D:5:      layout_rooms, first_ration, uniq_grinder, uniq_edmund
D:6:      layout_loops_ring, kennysheep_little_box, serial_shops, shop,
          gammafunk_ghost_grave
D:7:      layout_gridville, serial_shops, shop_statue, grunt_ogre_cave,
          uniq_joseph
Temple:   jpeg_temple_island

Skill      XL: |  1  2  3  4  5  6  7  8 |
---------------+-------------------------+-----
Air Magic      | 5 6 |  6.1
Fighting       | 2 3 4 6 |  6.4
Dodging        | 4 |  4.6
Spellcasting   | 3 4 |  4.9
Stealth        | 3 4 |  4.1
Staves         | 4 |  4.1
Conjurations   | |  1.3

Action                   |  1- 3 |  4- 6 |  7- 9 || total
-------------------------+-------+-------+-------++-------
Melee: Mace              |     4 |       |       ||     4
       Kick              |     1 |     7 |    30 ||    38
       Dagger            |     1 |    14 |       ||    15
       Staff             |       |    21 |   122 ||   143
       Peck              |       |     6 |    12 ||    18
Throw: Dart              |       |     3 |     8 ||    11
 Cast: Shock             |    52 |    65 |    20 ||   137
       Swiftness         |       |     1 |       ||     1
       Airstrike         |       |       |     9 ||     9
 Abil: Fly               |       |     1 |       ||     1
  Use: Scroll            |       |     3 |     5 ||     8
 Stab: Sleeping          |       |     2 |     4 ||     6
       Distracted        |       |       |     1 ||     1
  Eat: Ration            |     1 |       |       ||     1
       Chunk             |       |     6 |    10 ||    16
Armor: Robe              |     3 |       |       ||     3
       Leather armour    |     3 |     2 |     6 ||    11
Dodge: Dodged            |    13 |    31 |    87 ||   131

Table legend:
 A = Non-vault XP
 B = Vault XP
 C = Vault XP percentage of total XP
 D = Non-vault monster count
 E = Vault monster count
 F = Vault count percentage of total count
                 A         B        C        D         E       F
            +---------+---------+-------+---------+---------+-------
      Total |    1491 |     873 |  36.9 |     115 |      21 |  15.4
            +---------+---------+-------+---------+---------+-------
        D:1 |      29 |       1 |   3.3 |      16 |       1 |   5.9
        D:2 |      77 |     235 |  75.3 |      22 |       4 |  15.4
        D:3 |      66 |      74 |  52.9 |      20 |      13 |  39.4
        D:4 |     193 |       0 |   0.0 |      15 |       0 |   0.0
        D:5 |     413 |     447 |  52.0 |      14 |       2 |  12.5
        D:6 |     494 |       0 |   0.0 |      17 |       0 |   0.0
        D:7 |     219 |     116 |  34.6 |      11 |       1 |   8.3
            +---------+---------+-------+---------+---------+-------
